 Dungeon Crawl Stone Soup version 0.27-a0-1188-g73eefd5def (webtiles) character file.

Game seed: 12318408599251600207

23830 Glokmah the Demolition Demonspawn (level 12, -2/95 HPs)
             Began as a Demonspawn Monk on May 21, 2021.
             Was an Elder of Makhleb.
             Slain by a minotaur
             ... wielding a +2 flail of protection
              (21 damage)
             ... in a Gauntlet.
             The game lasted 00:42:14 (17071 turns).

Glokmah the Demolition Demonspawn (DsMo)           Turns: 17071, Time: 00:42:14

Health: -2/95      AC: 25    Str: 23    XL:     12   Next: 75%
Magic:  21/21      EV: 13    Int: 22    God:    Makhleb [****..]
Gold:   586        SH:  0    Dex: 17    Spells: 13/16 levels left

rFire    + . .     SeeInvis +   b - +3 trident of Dirasecw {elec, rPois}
rCold    + + .     Faith    .   S - +0 buckler
rNeg     . . .     Spirit   .   d - +3 plate armour {rF+}
rPois    +         Reflect  +   V - +2 helmet {SInv}
rElec    .         Harm     .   q - +2 cloak {rPois}
rCorr    .         Rampage  .   L - +0 pair of gloves
Will     +....     NoTele   +   y - +0 pair of boots of Coff {Str+4 Int+4}
Stlth    ..........             l - amulet of reflection
HPRegen  0.25/turn              O - ring of Feicez {Str+6 Int+4}
MPRegen  0.17/turn              i - ring of Loaf {Drain rC++ Will+}

@: confused, agile, ambrosia-drunk, studying Shields
A: talons 2, large bone plates 2, ignite blood 2, powered by pain 2
a: Renounce Religion, Minor Destruction, Lesser Servant of Makhleb, Major
Destruction


You were in a Gauntlet.
You worshipped Makhleb.
Makhleb was greatly pleased with you.
You visited 2 branches of the dungeon, and saw 14 of its levels.
You visited the Abyss 1 time.
You also visited: Gauntlet.

You collected 756 gold pieces.
You spent 170 gold pieces at shops.

Inventory:

Hand Weapons
 a - a +9 broad axe of distortion
 b - the +3 trident of Dirasecw (weapon) {elec, rPois}
   (You found it on level 6 of the Dungeon)

   Occasionally, upon striking a foe, it can discharge electrical energy and
   cause terrible harm.
   It protects you from poison.
 f - a +0 demon whip of freezing
 A - the +1 trident "Ijyetar" {protect, rC+}
   (You bought it in a shop on level 4 of the Dungeon)

   It grants its wielder temporary protection when it strikes (+7 to AC).
   It protects you from cold.
Missiles
 n - 9 curare-tipped darts (quivered)
 p - 117 poisoned darts
 D - 4 silver boomerangs
 J - 4 silver javelins
 M - a throwing net
Armour
 d - a +3 plate armour of fire resistance (worn)
 k - the +0 chain mail "Aweigae" {Will+}
   (You found it in a Gauntlet)

   It increases your willpower.
 q - a +2 cloak of poison resistance (worn)
 y - the +0 pair of boots of Coff (worn) {Str+4 Int+4}
   (You acquired it on level 6 of the Dungeon)

   It affects your strength (+4).
   It affects your intelligence (+4).
 L - a +0 pair of gloves (worn)
 S - a +0 buckler (worn)
 V - a +2 helmet of see invisible (worn)
Jewellery
 g - a ring of flight
 i - the ring of Loaf (right hand) {Drain rC++ Will+}
   (You found it in a Gauntlet)

   [ring of willpower]

   It greatly protects you from cold.
   It drains your maximum health when unequipped.
   It increases your willpower.
 l - an amulet of reflection (around neck)
 m - an amulet of faith
 r - a +4 ring of evasion
 F - a +4 ring of protection
 K - a ring of positive energy
 O - the ring of Feicez (left hand) {Str+6 Int+4}
   (You took it off a kobold on level 10 of the Dungeon)

   [ring of strength]

   It affects your strength (+6).
   It affects your intelligence (+4).
Wands
 e - a wand of iceblast (29)
 h - a wand of mindburst (26)
 t - a wand of flame (49)
 C - a wand of charming (11)
 I - a wand of digging (8)
 N - a wand of acid (16)
 P - a wand of paralysis (10)
 U - a wand of polymorph (7)
Scrolls
 c - 2 scrolls of magic mapping
 j - a scroll of amnesia
 w - 3 scrolls of immolation
 Q - 2 scrolls of enchant weapon
 R - 2 scrolls of fog
Potions
 o - 3 potions of haste
 s - 2 potions of lignification
 u - 2 potions of flight
 v - 3 potions of attraction
 z - 2 potions of might
 B - a potion of resistance
 G - 3 potions of brilliance
 H - 2 potions of mutation {unknown}
 T - 8 potions of ambrosia
 W - 2 potions of curing
Miscellaneous
 x - a piece from Xom's chessboard (15/15)


   Skills:
 + Level 9.2 Fighting
 - Level 10.8(11.6) Axes
 - Level 7.2(10.0) Polearms
 * Level 7.0 Armour
 - Level 2.6 Dodging
 - Level 1.7 Stealth
 * Level 7.1 Shields
 + Level 2.5 Spellcasting
 * Level 3.8 Air Magic
 - Level 12.0 Invocations


You had 13 spell levels left.
You knew the following spells:

 Your Spells              Type           Power      Damage    Failure   Level
a - Swiftness             Air            19%        N/A       77%         3

Your spell library contained the following spells:

 Spells                   Type           Power      Damage    Failure   Level
 Shock                    Conj/Air       44%        1d5       65%         1
 Static Discharge         Conj/Air       11%        N/A       80%         2
 Airstrike                Air            9%         N/A       99%         4
 Lightning Bolt           Conj/Air       5%         1d17      100%        5


Dungeon Overview and Level Annotations

Branches:
Dungeon (11/15)            Temple (0/1) D:7            Lair (3/6) D:11
 Shoals (0/4) Lair:2       Spider (0/4) Lair:2          Orc (0/2) D:9
Gauntlet (1/1)

Altars:
Ashenzari
Makhleb

Shops:
D:4 *[(   D:6 :

Annotations:
Gauntlet 8 transporters, exclusion: oklob plant


Innate Abilities, Weirdness & Mutations

You have razor-sharp toenails.
You are mostly covered in large bone plates. (SH +6)
Your demonic aura often causes spilled blood to erupt in flames.
You sometimes gain power by taking damage.


Message History

The minotaur is engulfed in blazing flames.
The minotaur hits you with a +2 flail of protection.
The minotaur closely misses you.
Okay, then.
Press: ? - help, Shift-Dir - straight line, f - minotaur
Aim: a minotaur, wielding a +2 flail of protection, wearing a +2 plate armour of fire resistance, wearing a ring of magical power and quivering javelins (flame, moderately wounded)
The bolt of fire hits the minotaur.
The minotaur resists.
The minotaur is moderately wounded.
You block the minotaur's attack. The minotaur barely misses you.
Press: ? - help, Shift-Dir - straight line, f/p - minotaur
Aim: a minotaur, wielding a +2 flail of protection, wearing a +2 plate armour of fire resistance, wearing a ring of magical power and quivering javelins (flame, moderately wounded)
The bolt of magma hits the minotaur!
The minotaur partially resists.
The minotaur is heavily wounded.
The minotaur hits you with a +2 flail of protection!!
You focus on the pain.
You feel more agile all of a sudden. You block the minotaur's attack.
A demon appears!
The minotaur is engulfed in blazing flames.
The minotaur hits you with a +2 flail of protection!
* * * LOW HITPOINT WARNING * * *
You block the minotaur's attack. The minotaur misses you.
The minotaur gores you but does no damage.
Your ynoxinul hits the minotaur but does no damage.
Your ynoxinul gestures at the minotaur.
The iron shot hits the minotaur!!
Okay, then.
The minotaur is engulfed in blazing flames.
The minotaur throws a javelin.
Reach: b) +3 trident of Dirasecw {elec, rPois}
Press: ? - help, Dir - move target, f/p - minotaur
Aim: a minotaur, wielding a +2 flail of protection, wearing a +2 plate armour of fire resistance, wearing a ring of magical power and quivering javelins (flame, severely wounded, ally target, about 19% to evade the +3 trident of Dirasecw)
You reach to attack!
You hit the minotaur.
The minotaur is severely wounded.
Okay, then.
You are confused.
You feel invigorated.
The minotaur hits you with a +2 flail of protection!!
You die...

##..#©.#©## #≈..##.##.B
##..###.Z#B ### ####
#≈..#B!#Z## #..
.##.###..####### #.#
.##..##......... #.#
......#..####### #
#.##.##...#..#...... #≈
#.#.H@.##.©.#8.#[###.#
#≈≈.#.#○##.##...#..#?###..
#≈∩...'.##....©.#∩.#©###©.
#≈≈.#.#.##.##...#..#=...##
#≈ #.#....##.©.#8.#....##
# #.##.##...#..#..bbbh
#.##......#..#######
#.##.##..##.........
#....##.###..#######


You could see a minotaur.

Vanquished Creatures
  A balrug (Gauntlet)
  2 hydras
  Erolcha (D:11)
  The ghost of boysha the Covert, a novice OpWz of Gozag (D:8)
  Pikel (D:8)
  2 wizards (Gauntlet)
  3 oklob plants
  A manticore (D:11)
  2 black mambas (Lair:1)
  A torpor snail (Lair:2)
  A cane toad (Lair:1)
  A gargoyle (D:10)
  A komodo dragon (Lair:2)
  A queen bee (Lair:1)
  5 trolls
  3 jumping spiders (Lair:2)
  4 blink frogs (Lair:2)
  3 dream sheep (Lair:2)
  6 flying skulls (Gauntlet)
  A wraith (D:9)
  2 redbacks (Lair:2)
  23 yaks
  2 wyverns
  Grum (D:8)
  Menkaure (D:7)
  An acid dragon (D:10)
  7 water moccasins
  2 orc warriors
  4 black bears
  A sky beast (D:5)
  4 necrophages
  2 wolves (D:8)
  4 ogres
  2 phantoms (D:9)
  5 centaurs
  5 kobold brigands
  7 bullfrogs
  2 scorpions (D:6)
  A gnoll sergeant (D:6)
  A wyvern skeleton (D:5)
  3 troll zombies (D:9)
  A water moccasin skeleton (D:5)
  27 killer bees
  3 electric eels (D:3)
  3 howler monkeys
  5 jellies
  2 centaur zombies
  A hound (D:5)
  2 orc priests
  Crazy Yiuf (D:7)
  A bullfrog skeleton (D:6)
  A gnoll shaman (D:8)
  2 centaur skeletons
  2 iguanas (D:4)
  3 orc wizards
  Ijyb (D:5)
  A killer bee zombie (D:7)
  5 ogre zombies (D:9)
  2 hound skeletons
  5 adders
  8 gnolls
  A howler monkey skeleton (D:6)
  4 shadow imps
  4 white imps
  An ufetubus (D:5)
  An adder skeleton (D:4)
  5 dart slugs
  27 orcs
  7 endoplasms
  4 giant cockroaches
  5 goblins
  8 hobgoblins
  12 jackals
  32 kobolds
  4 quokkas
  6 ball pythons
  5 bats
  5 frilled lizards
  2 goblin skeletons (D:9)
  5 goblin zombies (D:9)
  6 hobgoblin zombies (D:9)
  12 orc zombies (D:9)
  3 rats
356 creatures vanquished.

Vanquished Creatures (collateral kills)
  2 oklob plants (Lair:1)
  A gargoyle (D:9)
  A hornet (D:9)
  The ghost of feta the Chopper, an amateur HOMo (D:3)
  A kobold brigand (D:3)
  2 kobolds (D:3)
8 creatures vanquished.

Vanquished Creatures (others)
  A kobold (D:10)
  5 fungi
  16 plants
22 creatures vanquished.

Grand Total: 386 creatures vanquished

Notes
Turn   | Place    | Note
-------+----------+-------------------------------------------
     0 | D:1      | Glokmah the Demonspawn Monk began the quest for the Orb.
     0 | D:1      | Reached XP level 1. HP: 18/18 MP: 1/1
    55 | D:1      | Found a faded altar of an unknown god.
    72 | D:1      | Became a worshipper of Makhleb the Destroyer
    72 | D:1      | Reached * piety under Makhleb
    72 | D:1      | Reached ** piety under Makhleb
   209 | D:1      | Gained mutation: You are partially covered in large bone
                  | plates. (SH +4) [demonic ancestry]
   209 | D:1      | Reached XP level 2. HP: 24/24 MP: 2/2
   221 | D:1      | Reached *** piety under Makhleb
   222 | D:1      | Reached skill level 1 in Invocations
   642 | D:1      | Gained mutation: Your demonic aura sometimes causes spilled
                  | blood to erupt in flames. [demonic ancestry]
   642 | D:1      | Reached XP level 3. HP: 27/29 MP: 4/4
   659 | D:1      | Reached skill level 2 in Invocations
  1475 | D:2      | Gained mutation: You have sharp toenails. [demonic
                  | ancestry]
  1475 | D:2      | Reached XP level 4. HP: 25/35 MP: 4/6
  1481 | D:2      | Reached **** piety under Makhleb
  1936 | D:2      | Reached skill level 3 in Invocations
  2203 | D:3      | Found a transporter.
  2224 | D:3      | Found a transporter.
  2624 | D:3      | Found a runed translucent gate.
  2624 | D:3      | Found a runed translucent gate.
  2624 | D:3      | Found a runed translucent gate.
  2624 | D:3      | Noticed feta's ghost (amateur HOMo)
  2627 | D:3      | Noticed a kobold brigand
  2641 | D:3      | Gained mutation: You sometimes gain a little power by
                  | taking damage. [demonic ancestry]
  2641 | D:3      | Reached XP level 5. HP: 38/42 MP: 7/7
  2642 | D:3      | Killed feta's ghost
  2643 | D:3      | Reached skill level 4 in Invocations
  3133 | D:3      | Gained mutation: You are mostly covered in large bone
                  | plates. (SH +6) [demonic ancestry]
  3133 | D:3      | Reached XP level 6. HP: 47/48 MP: 9/9
  3237 | D:3      | Reached skill level 5 in Invocations
  3364 | D:4      | Found Guuzyuss's Antique Armour Shop.
  3541 | D:4      | Found Fuloiraehe's Assorted Antiques.
  3641 | D:4      | Found Hadac's Antique Weapon Emporium.
  3668 | D:4      | Reached skill level 5 in Axes
  3725 | D:4      | Gained mutation: Your demonic aura often causes spilled
                  | blood to erupt in flames. [demonic ancestry]
  3725 | D:4      | Reached XP level 7. HP: 25/55 MP: 11/11
  3988 | D:4      | Reached skill level 6 in Invocations
  4088 | D:4      | Reached ***** piety under Makhleb
  4202 | D:4      | Identified the +1 leather armour "Ythoel" {Harm rC+ Slay-4}
  4367 | D:5      | Entered Level 5 of the Dungeon
  4603 | D:5      | Reached skill level 7 in Invocations
  4607 | D:5      | Reached skill level 5 in Fighting
  4632 | D:5      | Reached XP level 8. HP: 30/62 MP: 13/13
  4933 | D:5      | Reached skill level 8 in Invocations
  5157 | D:5      | Noticed Ijyb
  5165 | D:5      | Killed Ijyb
  5370 | D:6      | Identified a scroll of acquirement
  5370 | D:6      | Acquired the +0 pair of boots of Coff {Str+4 Int+4}
  5389 | D:6      | Reached skill level 9 in Invocations
  5658 | D:4      | Bought a twisted trident for 170 gold pieces
  5658 | D:4      | Identified the +1 trident "Ijyetar" {protect, rC+} (You
                  | bought it in a shop on level 4 of the Dungeon)
  5786 | D:6      | Reached XP level 9. HP: 69/69 MP: 16/16
  5805 | D:6      | Identified the +3 trident of Dirasecw {elec, rPois}
  6047 | D:6      | Found Jukumn's Book Boutique.
  6110 | D:6      | Noticed a troll
  6117 | D:6      | Killed a troll
  6118 | D:6      | Reached skill level 1 in Polearms
  6544 | D:7      | Reached skill level 10 in Invocations
  6589 | D:7      | Found a staircase to the Ecumenical Temple.
  6737 | D:7      | Found a runed translucent door.
  6738 | D:7      | Noticed Crazy Yiuf
  6742 | D:7      | Killed Crazy Yiuf
  7136 | D:7      | Noticed Menkaure
  7146 | D:7      | Killed Menkaure
  7812 | D:8      | Noticed Grum
  7822 | D:8      | Killed Grum
  7823 | D:8      | Reached skill level 11 in Invocations
  7826 | D:8      | Gained mutation: You sometimes gain power by taking damage.
                  | [demonic ancestry]
  7826 | D:8      | Reached XP level 10. HP: 65/77 MP: 18/18
  8074 | D:8      | Noticed Pikel
  8095 | D:8      | Killed Pikel
  8514 | D:8      | Found a runed translucent gate.
  8514 | D:8      | Found a runed translucent gate.
  8514 | D:8      | Found a runed translucent gate.
  8514 | D:8      | Noticed boysha's ghost (novice OpWz)
  8514 | D:8      | Noticed a ten-headed hydra
  8522 | D:8      | Killed a ten-headed hydra
  8525 | D:8      | Killed boysha's ghost
  8789 | D:9      | Reached skill level 5 in Polearms
  8808 | D:9      | Reached skill level 12 in Invocations
  8914 | D:9      | Found a staircase to the Orcish Mines.
  8981 | D:9      | Reached skill level 1 in Armour
  9583 | D:10     | Entered Level 10 of the Dungeon
  9593 | D:10     | Noticed a gargoyle
  9605 | D:9      | Killed a gargoyle
  9777 | D:10     | Acquired a manual of Shields
  9833 | D:10     | Noticed a gargoyle
  9847 | D:10     | HP: 1/79 [gargoyle/+0 morningstar (6)]
  9849 | D:10     | Killed a gargoyle
 10100 | D:10     | Found a broken altar of Ashenzari.
 10113 | D:10     | Identified the ring of Feicez {Str+6 Int+4}
 10118 | D:10     | Gained mutation: You have razor-sharp toenails. [demonic
                  | ancestry]
 10118 | D:10     | Reached XP level 11. HP: 83/85 MP: 20/20
 10191 | D:10     | Learned a level 3 spell: Swiftness
 10572 | D:10     | Identified the +10 rapier of Honesty {flame, Drain rF+++
                  | rN+ Str+5}
 10597 | D:11     | Noticed Erolcha
 10659 | D:11     | Killed Erolcha
 10809 | D:11     | Noticed an oklob plant
 10811 | D:11     | Killed an oklob plant
 10837 | D:11     | Found a staircase to the Lair.
 10839 | D:11     | Noticed an oklob plant
 10857 | D:11     | Killed an oklob plant
 10921 | D:11     | Noticed an eight-headed hydra
 10926 | D:11     | Reached skill level 10 in Axes
 10932 | D:11     | Killed an eight-headed hydra
 11708 | Lair:1   | Entered Level 1 of the Lair of Beasts
 12031 | Lair:1   | Reached skill level 1 in Shields
 12443 | Lair:1   | Reached skill level 5 in Armour
 12567 | Lair:1   | Noticed an Executioner
 13088 | Lair:1   | Reached XP level 12. HP: 94/94 MP: 21/21
 14756 | Lair:2   | Found a hole to the Spider Nest.
 14967 | Lair:2   | Reached skill level 1 in Air Magic
 14995 | Lair:2   | Found a staircase to the Shoals.
 15071 | Lair:2   | Reached skill level 1 in Spellcasting
 15083 | Lair:2   | Reached skill level 5 in Shields
 15836 | Lair:3   | Found a gate leading to a gauntlet.
 15850 | Gauntlet | Entered a Gauntlet
 15850 | Gauntlet | Found a transporter.
 15850 | Gauntlet | Found a transporter.
 15862 | Gauntlet | Found a transporter.
 15879 | Gauntlet | Found a transporter.
 15880 | Gauntlet | Found a transporter.
 15880 | Gauntlet | Found a transporter.
 15882 | Gauntlet | Found a transporter.
 15882 | Gauntlet | Found a transporter.
 15884 | Gauntlet | Noticed a death scarab
 15884 | Gauntlet | Noticed a death scarab
 15898 | Gauntlet | Found a transporter.
 15913 | Gauntlet | Found a transporter.
 15928 | Gauntlet | Found a transporter.
 15931 | Gauntlet | Found a transporter.
 15957 | Gauntlet | Noticed a balrug
 15962 | Gauntlet | Found a transporter.
 15974 | Gauntlet | Found a transporter.
 16480 | Gauntlet | Noticed a balrug
 16525 | Gauntlet | Killed a balrug
 16533 | Gauntlet | Identified the ring of Loaf {Drain rC++ Will+}
 16535 | Gauntlet | Identified the +0 chain mail "Aweigae" {Will+}
 16983 | Gauntlet | Cast into level 3 of the Abyss (a wizard)
 16989 | Abyss:3  | Identified the +0 leather armour "Jiny" {Str+2}
 16995 | Abyss:3  | Noticed a revenant
 17002 | Gauntlet | Escaped the Abyss
 17031 | Gauntlet | Identified the +0 helmet of Free Expression {Int+3}
 17057 | Gauntlet | Identified the +7 longbow of Sloth {venom, rElec rN+ Int-2
                  | Dex+9}
 17057 | Gauntlet | Noticed a minotaur
 17071 | Gauntlet | Slain by a minotaur

Illustrated notes

Levels and vault maps discovered:
D:1:      psy_arrival_conway, layout_basic, hellmonk_ecumenical_altar_blasted,
          minmay_hexomino_u4
D:2:      layout_loops_ring, hangedman_decor_diamond_cutter,
          minmay_indecisive_spiral
D:3:      gammafunk_steamed_eel, layout_loops_ring,
          gammafunk_ghost_nasty_kobolds
D:4:      layout_loops_ring, serial_shops, shop, shop, shop
D:5:      layout_rooms, minmay_misc_feat_ornament, uniq_ijyb
D:6:      layout_loops_ring, serial_shops, kennysheep_mini_moat
D:7:      layout_loops_corners, minmay_temple_entry_statues,
          uniq_crazy_yiuf_cottage, uniq_menkaure
D:8:      layout_loops_corners, gammafunk_ghost_hydra_chop, serial_glass,
          glass_columns_c, glass_columns_a, glass_columns_a, glass_columns_a,
          glass_columns_a, glass_columns_b, glass_columns_a, glass_columns_c,
          uniq_pikel, uniq_grum
D:9:      layout_big_octagon, zombieorc2_lemuel
D:10:     layout_cave_pools, lemuel_crystal_altar, minmay_misc_feat_doors,
          grunt_ministairs_10
D:11:     layout_loops_ring, dpeg_oklobed_lair, uniq_erolcha
Lair:1:   layout_hall_layers, special_room [special_room_bee],
          minmay_lair_oklob_chamber, grunt_megastairs_5, serial_bayou_shore_b
Lair:2:   layout_long_grid, elwin_shoals_entry_rooms,
          nicolae_spider_entry_tight_spaces
Lair:3:   layout_regular_city, gauntlet_entry_generic, grunt_megastairs_1,
          serial_bayou_shore_a, infiniplex_staircase_pool
Gauntlet: gammafunk_gauntlet_mixed_choke_point [minmay_gauntlet_arena_77_fan,
          minmay_gauntlet_arena_77_mirror, minmay_gauntlet_arena_77_box,
          gammafunk_gauntlet_arena_spirals,
          minmay_gauntlet_arena_77_tiled_triplets,
          minmay_gauntlet_arena_77_block_sizes,
          minmay_gauntlet_arena_77_radiant_squares, gauntlet_exit_watery]

Skill      XL: |  1  2  3  4  5  6  7  8  9 10 11 12 |
---------------+-------------------------------------+-----
Axes           | 3 4 5 6 7 8 9 10 | 10.8
Invocations    | 1 2 3 4 5 7 9 11 12 | 12.0
Fighting       | 4 5 6 7 8 9 |  9.2
Polearms       | 3 5 7 |  7.2
Armour         | 2 5 7 |  7.0
Shields        | 3 7 |  7.1
Air Magic      | 3 |  3.8
Spellcasting   | 2 |  2.5
Dodging        | |  2.6
Stealth        | |  1.7

Action                   |  1- 3 |  4- 6 |  7- 9 | 10-12 || total
-------------------------+-------+-------+-------+-------++-------
Melee: Hand axe          |   143 |   112 |       |       ||   255
       Kick              |       |    46 |    34 |       ||    80
       War axe           |       |    14 |   117 |       ||   131
       Trident           |       |       |   106 |   682 ||   788
Invok: Minor Destruction |       |    11 |    12 |    27 ||    50
       Lesser Servant of |       |     1 |       |     5 ||     6
       Greater Servant o |       |       |       |     7 ||     7
       Major Destruction |       |       |       |    21 ||    21
  Use: Scroll            |       |       |    15 |    15 ||    30
       Potion            |       |       |       |     8 ||     8
 Stab: Sleeping          |     4 |     1 |       |       ||     5
       Distracted        |     1 |       |       |       ||     1
Armor: Robe              |    29 |       |       |       ||    29
       Ring mail         |       |    21 |       |       ||    21
       Scale mail        |       |    19 |    63 |   397 ||   479
       Plate armour      |       |       |       |     9 ||     9
Dodge: Dodged            |    81 |    77 |   125 |   415 ||   698
Block: Other             |    22 |    23 |    54 |   215 ||   314
       Buckler           |       |       |       |   144 ||   144

Table legend: (Time is in decaauts)
 A = Elapsed time spent in this place.
 B = Non-inter-level travel time spent in this place.
 C = Inter-level travel time spent in this place.
 D = Time resting spent in this place.
 E = Time spent auto-exploring this place.
 F = Levels seen in this place.
 G = Mean time per level.
                   A        B        C        D        E       F      G
               +--------+--------+--------+--------+--------+-----+--------+
         Total |  17065 |  15979 |   1086 |   3433 |   8562 |  16 | 1066.6 |
       Dungeon |  11761 |  10784 |    977 |   1668 |   6603 |  11 | 1069.2 |
          Lair |   4107 |   3998 |    109 |   1352 |   1802 |   3 | 1369.0 |
         Abyss |     18 |     18 |      0 |      0 |      0 |   1 |   18.0 |
      Gauntlet |   1178 |   1178 |      0 |    413 |    157 |   1 | 1178.0 |
               +--------+--------+--------+--------+--------+-----+--------+

Top non-repeatable levels by time:
  Lair:1: 3027 daAuts
     D:1: 1464 daAuts
     D:3: 1242 daAuts
     D:4: 1230 daAuts
Gauntlet: 1178 daAuts
     D:8: 1171 daAuts
     D:7: 1103 daAuts
    D:11: 1079 daAuts
     D:6: 1075 daAuts
  Lair:2: 1059 daAuts
     D:9: 956 daAuts
    D:10: 853 daAuts
     D:5: 834 daAuts
     D:2: 749 daAuts
  Lair:3: 19 daAuts
